 Dungeon Crawl Stone Soup version 0.30-a0-715-gdb4ae3ece1 (webtiles) character file.

Game seed: 16686086667390485746

53 octoduck the Gusty (level 3, -3/19 HPs)
             Began as a Tengu Air Elementalist on Jan 24, 2023.
             Slain by Natasha (9 damage)
             ... on level 2 of the Dungeon.
             The game lasted 00:05:12 (1465 turns).

octoduck the Gusty (Tengu Air Elementalist)         Turns: 1465, Time: 00:05:12

Health: -3/19      AC:  2    Str:  8    XL:     3   Next: 89%
Magic:  3/7        EV: 12    Int: 17    God:
Gold:   35         SH:  0    Dex: 14    Spells: 3/6 levels left

rFire   . . .      SeeInvis .    g - +0 short sword
rCold   . . .      Faith    .    (no shield)
rNeg    . . .      Spirit   .    a - +0 robe
rPois   .          Reflect  .    (helmet restricted)
rElec   .          Harm     .    (no cloak)
rCorr   .          Rampage  .    (no gloves)
Will    .....                    (boots unavailable)
Stlth   ++                       (no amulet)
HPRegen 0.23/turn                (no ring)
MPRegen 0.10/turn                (no ring)

@: very slightly contaminated
A: beak, talons 3
a: no special abilities


You were on level 2 of the Dungeon.
You visited 1 branch of the dungeon, and saw 2 of its levels.

You collected 35 gold pieces.

Inventory:

Hand Weapons
 g - a +0 short sword (weapon)
Armour
 a - a +0 robe (worn)
Magical Staves
 f - a staff of fire
Scrolls
 d - a scroll of teleportation {unknown}
Potions
 b - a potion of magic
 c - a potion of mutation
 h - a potion of heal wounds {unknown}


   Skills:
 - Level 2.1 Dodging
 - Level 2.0 Stealth
 - Level 2.0 Spellcasting
 + Level 2.9 Conjurations
 * Level 5.6 Air Magic


You had 3 spell levels left.
You knew the following spells:

 Your Spells              Type           Power      Damage    Failure   Level
a - Shock                 Conj/Air       64%        1d7       3%          1
b - Static Discharge      Conj/Air       32%        2-4/arc   4%          2

Your spell library contained the following spells:

 Spells                   Type           Power      Damage    Failure   Level
 Swiftness                Air            20%        N/A       6%          3
 Airstrike                Air            10%        2d(2-18)  19%         4


Dungeon Overview and Level Annotations

Branches:
Dungeon (2/15)

Altars:

Annotations:
D:2 Natasha


Innate Abilities, Weirdness & Mutations

You have a beak for a mouth.
You have claws for feet.


Message History

You see here 5 gold pieces.
You now have 35 gold pieces (gained 5).
The dart slug bites you but does no damage.
Casting: Shock (safe; 3% risk of failure)
Confirm with . or Enter, or press ? or * to list all spells.
Aiming: Shock (safe; 3% risk of failure)
Press: ? - help, Shift-Dir - straight line The zap hits the dart slug.
The dart slug is lightly wounded.
The zap hits the dart slug.
The dart slug is severely wounded.
The dart slug bites you but does no damage.
Casting: Shock (safe; 3% risk of failure)
Confirm with . or Enter, or press ? or * to list all spells.
Aiming: Shock (safe; 3% risk of failure)
Press: ? - help, Shift-Dir - straight line The zap hits Natasha but does no damage.
The zap hits Natasha.
Natasha is moderately wounded.
Natasha claws you.
Casting: Shock (safe; 3% risk of failure)
Confirm with . or Enter, or press ? or * to list all spells.
Aiming: Shock (safe; 3% risk of failure)
Press: ? - help, Shift-Dir - straight line You miscast Shock.
You are very lightly contaminated with residual magic.
Nothing appears to happen.
Natasha claws you! The dart slug misses you.
Casting: Shock (safe; 3% risk of failure)
Confirm with . or Enter, or press ? or * to list all spells.
Aiming: Shock (safe; 3% risk of failure)
Press: ? - help, Shift-Dir - straight line The zap hits Natasha.
Natasha is severely wounded.
The zap hits Natasha.
Natasha is almost dead.
Natasha mumbles some strange words.
The dart slug bites you.
* * * LOW HITPOINT WARNING * * *
Natasha claws you!
You die...

..#####........##........#.....#.
...........#.............#..##.#.
...........#.............#...<.#.
.........................#.......
..#####...#..............#####.##
.). ..........................#
$h# ###....#........##########.#
..# ###.###....#### #.#
##..@######## #.# #....h.!5...#
#.# #.###.#w##.#.. ..# #.. #.#.#
### #.#......# #..###.### .. #>#
#.. ###


You could see Natasha, a crimson imp (summoned) and a dart slug.

Vanquished Creatures
  Natasha (D:2)
  4 ball pythons (D:1)
  3 bats
  An endoplasm (D:2)
  2 giant cockroaches (D:1)
  3 hobgoblins (D:1)
  4 jackals (D:1)
  A quokka (D:1)
  2 goblins (D:1)
  A kobold (D:1)
  3 rats
25 creatures vanquished.

Notes
Turn   | Place    | Note
-------+----------+-------------------------------------------
     0 | D:1      | octoduck the Tengu Air Elementalist began the quest for the
                  | Orb.
     0 | D:1      | Reached XP level 1. HP: 10/10 MP: 4/4
   421 | D:1      | Reached XP level 2. HP: 15/15 MP: 0/6
   930 | D:1      | Learned a level 2 spell: Static Discharge
   943 | D:1      | Reached skill level 5 in Air Magic
   957 | D:1      | Reached XP level 3. HP: 11/19 MP: 0/7
  1200 | D:2      | Noticed Natasha
  1216 | D:2      | Killed Natasha
  1216 | D:2      | Noticed Natasha
  1465 | D:2      | Slain by Natasha

Illustrated notes

Levels and vault maps discovered:
D:1:      dpeg_arrival_windows_large_door, layout_basic, minmay_hexomino_u4
D:2:      layout_loops_cross, uniq_robin, uniq_jessica, uniq_natasha,
          uniq_terence

Skill      XL: |  1  2 |
---------------+-------+-----
Conjurations   | 2 |  2.9
Air Magic      | 5 |  5.6
Dodging        | |  2.1
Stealth        | |  2.0
Spellcasting   | |  2.0

Action                     || total
---------------------------++-------
  Melee: Unarmed           ||     1
         Peck              ||     1
         Short sword       ||     6
         Kick              ||     3
   Cast: Shock             ||    45
         Static Discharge  ||     2
    Use: Scroll            ||     4
 Armour: Robe              ||     7
  Dodge: Dodged            ||    27

Table legend: (Time is in decaauts)
 A = Elapsed time spent in this place.
 B = Non-inter-level travel time spent in this place.
 C = Inter-level travel time spent in this place.
 D = Time resting spent in this place.
 E = Time spent auto-exploring this place.
 F = Levels seen in this place.
 G = Mean time per level.
                   A        B        C        D        E       F      G
               +--------+--------+--------+--------+--------+-----+--------+
         Total |   1464 |   1325 |    139 |    599 |    468 |   2 |  732.0 |
       Dungeon |   1464 |   1325 |    139 |    599 |    468 |   2 |  732.0 |
               +--------+--------+--------+--------+--------+-----+--------+

Top non-repeatable levels by time:
     D:1: 1365 daAuts
     D:2: 99 daAuts
